 Dungeon Crawl Stone Soup version 0.19.4-8-ga85b6b9 (webtiles) character file.

77 JeffiDaFish the Stinger (level 4, -3/25 HPs)
             Began as a Gargoyle Venom Mage on Feb 7, 2017.
             Slain by a gnoll
             ... wielding a +0 club
              (7 damage)
             ... on level 2 of the Dungeon.
             The game lasted 00:09:19 (1519 turns).

JeffiDaFish the Stinger (Gargoyle Venom Mage)       Turns: 1519, Time: 00:09:20

Health: -3/25      AC:  5    Str: 12    XL:     4   Next: 34%
Magic:  1/7        EV: 12    Int: 15    God:
Gold:   98         SH:  0    Dex: 11    Spells: 2 memorised, 4 levels left

rFire  . . .     SeeInvis .     h - +0 mace
rCold  . . .     Gourm    .     a - +0 robe
rNeg   + . .     Faith    .     (no shield)
rPois  ∞         Spirit   .     (no helmet)
rElec  +         Reflect  .     (no cloak)
rCorr  .         Harm     .     (no gloves)
MR     .....                    (no boots)
Stlth  ++........               (no amulet)
                                (no ring)
                                (no ring)

@: no status effects
A: negative energy resistance 1, electricity resistance, unbreathing,
petrification resistance, rot immunity, AC +3
a: no special abilities


You were on level 2 of the Dungeon.
You were not hungry.

You visited 1 branch of the dungeon, and saw 2 of its levels.

You collected 98 gold pieces.

Inventory:

Hand Weapons
 h - a +0 mace (weapon)
Armour
 a - a +0 robe (worn)
Scrolls
 f - a scroll of enchant weapon
Potions
 e - a potion of curing
Books
 b - a Young Poisoner's Handbook

   Spells                             Type                      Level
   a - Sting                          Conjuration/Poison           1
   b - Mephitic Cloud                 Conjuration/Poison/Air       3
   c - Olgreb's Toxic Radiance        Poison                       4
   d - Alistair's Intoxication        Transmutation/Poison         5
   e - Venom Bolt                     Conjuration/Poison           5
Comestibles
 c - a bread ration
 d - 12 chunks of flesh
 g - 2 meat rations
 i - 2 fruits
 j - a beef jerky


   Skills:
 + Level 1.2 Fighting
 + Level 1.1 Maces & Flails
 + Level 1.6 Dodging
 + Level 2.4 Stealth
 - Level 0.2 Unarmed Combat
 * Level 2.6 Spellcasting
 + Level 1.4 Conjurations
 + Level 0.0 Air Magic
 * Level 4.4 Poison Magic


You had 4 spell levels left.
You knew the following spells:

 Your Spells              Type           Power        Failure   Level  Hunger
a - Sting                 Conj/Pois      ##..         8%          1    #......
b - Mephitic Cloud        Conj/Pois/Air  #.......     30%         3    ###....


Dungeon Overview and Level Annotations

Branches:
Dungeon (2/15)

Altars:


Innate Abilities, Weirdness & Mutations

You are resistant to torment.
Your stone body is resilient. (AC +3)
You are immune to poison.
You resist negative energy. (rN+)
You are resistant to electric shocks. (rElec)
You can survive without breathing.
You are immune to petrification.
You are immune to rotting.


Message History

Aim: a gnoll, wielding a club The sting hits the gnoll.
The gnoll is poisoned.
The gnoll is moderately wounded.
The gnoll barely misses you.
Casting: Sting
Confirm with . or Enter, or press ? or * to list all spells.
Aiming: Sting
Press: ? - help, Shift-Dir - straight line, f/p - gnoll
Aim: a gnoll, wielding a club (moderately wounded, poisoned)
The sting hits the gnoll.
The gnoll is severely wounded.
Casting: Sting
Confirm with . or Enter, or press ? or * to list all spells.
Aiming: Sting
Press: ? - help, Shift-Dir - straight line, f/p - gnoll
Aim: a gnoll, wielding a club (severely wounded, poisoned)
The sting hits the gnoll.
The gnoll appears unharmed.
The gnoll is severely wounded.
The gnoll hits you with a club!
You die...

................###...#
.####..#######.....###
#..# #.#.### #..# #.#.#
##..# #.#.# #####...#
#.#.#
........#######.#.#
................#.#
#######@#########.# #g#
#.# #........ #########


You could see a gnoll.

Vanquished Creatures
  2 gnolls (D:2)
  A worm (D:2)
  A dart slug (D:1)
  A leopard gecko (D:1)
  A ball python (D:2)
  6 bats
  4 giant cockroaches
  2 hobgoblins
  12 jackals
  5 kobolds
  A quokka (D:2)
  2 frilled lizards
  3 goblins
  7 rats
48 creatures vanquished.

Notes
Turn   | Place    | Note
-------+----------+-------------------------------------------
     0 | D:1      | JeffiDaFish the Gargoyle Venom Mage began the quest for the Orb.
     0 | D:1      | Reached XP level 1. HP: 10/10 MP: 3/3
   318 | D:1      | Reached XP level 2. HP: 15/15 MP: 1/5
   810 | D:2      | Reached XP level 3. HP: 9/19 MP: 1/6
  1247 | D:2      | Reached skill level 1 in Fighting
  1318 | D:2      | Reached skill level 1 in Conjurations
  1432 | D:2      | Learned a level 3 spell: Mephitic Cloud
  1458 | D:2      | Reached XP level 4. HP: 25/25 MP: 4/7
  1516 | D:2      | Reached skill level 1 in Maces & Flails
  1519 | D:2      | Slain by a gnoll

Skill      XL: |  1  2  3  4 |
---------------+-------------+-----
Fighting       | 1 |  1.2
Conjurations   | 1 |  1.4
Maces & Flails | 1 |  1.1
Dodging        | |  1.6
Stealth        | |  2.4
Unarmed Combat | |  0.2
Spellcasting   | |  2.6
Poison Magic   | |  4.4

Action                   |  1- 3 |  4- 6 || total
-------------------------+-------+-------++-------
Melee: Unarmed           |    48 |       ||    48
       Mace              |    51 |     8 ||    59
 Cast: Sting             |    55 |     9 ||    64
  Use: Potion            |     5 |       ||     5
       Scroll            |     3 |       ||     3
 Stab: Sleeping          |     1 |       ||     1
  Eat: Chunk             |     3 |       ||     3
Armor: Robe              |    68 |     1 ||    69
Dodge: Dodged            |   127 |     6 ||   133
